 Dungeon Crawl Stone Soup version 0.31.0-4-g52a2dc7128 (webtiles) character file.

Game seed: 9090565817180720491

146681 Aviak the Luminary of Lethal Lore (level 17, -13/133 HPs)
             Began as a Gnoll Ice Elementalist on Jan 21, 2024.
             Was the Champion of Vehumet.
             Blown up by an orb spider (58 damage)
             ... with an orb of destruction
             ... on level 3 of the Spider Nest.
             The game lasted 01:44:23 (27183 turns).

Aviak the Luminary of Lethal Lore (GnIE)           Turns: 27183, Time: 01:44:23

Health: -13/133    AC: 24    Str: 12    XL:     17   Next: 22%
Magic:  0/33       EV: 15    Int: 25    God:    Vehumet [******]
Gold:   385        SH: 12    Dex: 18    Spells: 3/41 levels left

rFire   + + .        B - +4 falchion (holy)
rCold   + . .        U - +0 buckler
rNeg    + + +        s - +6 scale mail of Moxesky {Str+5 Int-2}
rPois   +            M - +2 helmet {SInv}
rElec   .            r - scarf of Lust {shadows, rF+ Dex+3 Stlth+}
rCorr   .            a - +2 pair of gloves
SInv    +            O - +1 pair of boots
Will    ++...        u - amulet of reflection
Stlth   +++++        W - ring "Osexag" {rF+ rC+ rN+ Will+ Dex+2}
HPRegen 0.42/turn    v - ring of Freedom {^Contam rPois rN++ Int+4}
MPRegen 0.23/turn

%: reflection
@: about to teleport, marked, spewing sludge, freezing walls, very slightly
contaminated, slowed, very slow
A: fangs 1, strong nose, distributed training
a: Renounce Religion


You were on level 3 of the Spider Nest.
You worshipped Vehumet.
Vehumet was exalted by your worship.
You visited 4 branches of the dungeon, and saw 25 of its levels.
You also visited: Bailey and Gauntlet.

You collected 2597 gold pieces.
You spent 2212 gold pieces at shops.

Inventory:

Hand Weapons
 B - a +4 falchion of holy wrath (weapon)
Armour
 a - a +2 pair of gloves (worn)
 r - the scarf of Lust (worn) {shadows, rF+ Dex+3 Stlth+}
   (You found it on level 3 of the Dungeon)

   Dex+3:     It affects your dexterity (+3).
   rF+:       It protects you from fire.
   Stlth+:    It makes you more stealthy.
 s - the +6 scale mail of Moxesky (worn) {Str+5 Int-2}
   (You found it in a bailey)

   Str+5:     It affects your strength (+5).
   Int-2:     It affects your intelligence (-2).
 H - an orb of energy
 M - a +2 helmet of see invisible (worn)
 O - a +1 pair of boots (worn)
 U - a +0 buckler (worn)
 V - the +1 helmet of Trial and Error {rCorr}
   (You found it in a Gauntlet)

   rCorr:     It protects you from acid and corrosion.
Magical Staves
 b - the staff of Stickiness {rF+ rN+ Str-5 Int+3 Fire Ice}
   (You acquired it on level 10 of the Dungeon)

   [staff of fire]

   Base accuracy: +5 Base damage: 5 Base attack delay: 1.2 This weapon's minimum
   attack delay (0.6) is reached at skill level 12.
   Str-5:     It affects your strength (-5).
   Int+3:     It affects your intelligence (+3).
   rF+:       It protects you from fire.
   rN+:       It protects you from negative energy.
   Fire:      It increases the power of your Fire spells.
   Ice:       It increases the power of your Ice spells.
   It falls into the 'Staves' category.
   It is a one-handed weapon.
Jewellery
 u - an amulet of reflection (around neck)
 v - the ring of Freedom (right hand) {^Contam rPois rN++ Int+4}
   (You bought it in a shop on level 8 of the Dungeon)

   [ring of poison resistance]

   Int+4:     It affects your intelligence (+4).
   rPois:     It protects you from poison rN++: It greatly protects you from
   negative energy.
   ^Contam:   It causes magical contamination when unequipped.
 E - a +5 ring of evasion
 T - an amulet of regeneration
 W - the ring "Osexag" (left hand) {rF+ rC+ rN+ Will+ Dex+2}
   (You took it off a minotaur in a Gauntlet)

   [ring of protection from fire]

   Dex+2:     It affects your dexterity (+2).
   rF+:       It protects you from fire.
   rC+:       It protects you from cold.
   rN+:       It protects you from negative energy.
   Will+:     It increases your willpower.
Wands
 m - a wand of flame (85)
 p - a wand of paralysis (26)
 P - a wand of roots (3)
 R - a wand of acid (9)
Scrolls
 g - 2 scrolls of poison
 i - 8 scrolls of identify
 j - 4 scrolls of enchant armour
 o - 2 scrolls of fog
 t - 6 scrolls of teleportation
 x - 2 scrolls of blinking
 y - 3 scrolls of enchant weapon
 A - 5 scrolls of immolation
 I - a scroll of acquirement
 K - a scroll of brand weapon
 L - 3 scrolls of fear
 S - 3 scrolls of revelation
Potions
 c - 5 potions of curing
 d - 2 potions of enlightenment
 f - 9 potions of haste
 h - 2 potions of heal wounds
 l - a potion of cancellation
 q - a potion of ambrosia
 w - 6 potions of might
 z - 4 potions of lignification {!q}
 D - 6 potions of attraction
 F - 3 potions of resistance
 G - 3 potions of brilliance
 Q - 4 potions of mutation {!q}
 Z - a potion of invisibility
Miscellaneous
 e - a box of beasts
 C - a condenser vane
 N - a lightning rod (4/4)
 X - a phantom mirror
 Y - a phial of floods


   Skills:
 + Level 11.9 Fighting
 + Level 11.9 Short Blades
 + Level 11.9 Long Blades
 + Level 11.9 Axes
 + Level 11.9 Maces & Flails
 + Level 11.9 Polearms
 + Level 11.9 Staves
 + Level 11.9 Ranged Weapons
 + Level 11.9 Throwing
 + Level 11.9 Armour
 + Level 12.7 Dodging
 + Level 12.6 Stealth
 + Level 11.9 Shields
 + Level 11.9 Unarmed Combat
 + Level 12.8 Spellcasting
 + Level 10.0 Conjurations
 + Level 10.0 Hexes
 + Level 10.0 Summonings
 + Level 10.0 Necromancy
 + Level 10.0 Translocations
 + Level 10.0 Fire Magic
 + Level 12.2 Ice Magic
 + Level 10.0 Air Magic
 + Level 10.0 Earth Magic
 + Level 10.0 Alchemy
 + Level 12.9 Invocations
 + Level 11.9 Evocations
 + Level 10.9 Shapeshifting


You had 3 spell levels left.
You knew the following spells:

 Your Spells              Type           Power      Damage    Failure   Level
a - Freeze                Ice            100%       1d10      1%          1
b - Eringya's Noxious Bo  Alch           30%        4d6       11%         6
c - Frozen Ramparts       Ice            100%       1d16      1%          3
d - Irradiate             Conj/Alch      30%        3d21      1%          5
e - Fireball              Conj/Fire      30%        3d13      1%          5
f - Ozocubu's Armour      Ice            67%        N/A       1%          3
g - Freezing Cloud        Conj/Ice/Air   31%        6-21      1%          5
q - Sticky Flame          Fire/Alch      61%        2d10      1%          4
x - Plasma Beam           Fire/Air       30%        2x1d43    11%         6

Your spell library contained the following spells:

 Spells                   Type           Power      Damage    Failure   Level
 Ozocubu's Refrigeration  Ice            33%        4d14      22%         7
 Apportation              Tloc           100%       N/A       1%          1
 Foxfire                  Conj/Fire      100%       2x1d9     1%          1
 Necrotise                Necr           100%       1d9       1%          1
 Sting                    Conj/Alch      100%       1d9       1%          1
 Summon Small Mammal      Summ           100%       N/A       1%          1
 Call Imp                 Summ           100%       N/A       1%          2
 Ensorcelled Hibernation  Hex/Ice        100%       N/A       1%          2
 Scorch                   Fire           100%       2d9       1%          2
 Sublimation of Blood     Necr           61%        N/A       1%          2
 Call Canine Familiar     Summ           61%        N/A       1%          3
 Inner Flame              Hex/Fire       61%        N/A       1%          3
 Mephitic Cloud           Conj/Alch/Air  61%        N/A       1%          3
 Sigil of Binding         Hex            61%        N/A       1%          3
 Stone Arrow              Conj/Erth      100%       3d13      1%          3
 Summon Ice Beast         Ice/Summ       64%        N/A       1%          3
 Teleport Other           Tloc           61%        N/A       1%          3
 Tukima's Dance           Hex            61%        N/A       1%          3
 Vampiric Draining        Necr           61%        2d10      1%          3
 Flame Wave               Conj/Fire      61%        2d14      1%          4
 Iskenderun's Mystic Bla  Conj/Tloc      61%        2d13      1%          4
 Anguish                  Hex/Necr       30%        N/A       2%          4
 Animate Armour           Summ/Erth      100%       N/A       2%          4
 Cause Fear               Hex            30%        N/A       2%          4
 Dimensional Bullseye     Hex/Tloc       30%        N/A       2%          4
 Martyr's Knell           Necr/Summ      61%        N/A       2%          4
 Passage of Golubria      Tloc           61%        N/A       2%          4
 Petrify                  Alch/Erth      61%        N/A       2%          4
 Metabolic Englaciation   Hex/Ice        32%        N/A       4%          5
 Curse of Agony           Necr           61%        N/A       7%          5
 Silence                  Hex/Air        30%        N/A       7%          5
 Summon Forest            Summ/Tloc      30%        N/A       7%          5
 Summon Mana Viper        Hex/Summ       61%        N/A       7%          5
 Starburst                Conj/Fire      30%        6d9       11%         6
 Summon Cactus Giant      Summ           30%        N/A       36%         6
 Enfeeble                 Hex            30%        N/A       91%         7
 Monstrous Menagerie      Summ           30%        N/A       91%         7
 Summon Hydra             Summ           30%        N/A       91%         7
 Ignition                 Fire           30%        3d10      98%         8
 Lehudib's Crystal Spear  Conj/Erth      30%        10d8      98%         8
 Dragon's Call            Summ           30%        N/A       100%        9
 Fire Storm               Conj/Fire      30%        8d8       100%        9


Dungeon Overview and Level Annotations

Branches:
Dungeon (15/15)            Temple (0/1) D:5            Lair (5/5) D:9
 Shoals (0/4) Lair:3       Spider (3/4) Lair:2        Slime (0/5) Lair:5
    Orc (2/2) D:11            Elf (0/3) Orc:2        Vaults (0/5) D:14
 Depths (0/4) D:15         Bailey (visited)         Gauntlet (visited)

Altars:
Dithmenos
Elyvilon
Kikubaaqudgha
Makhleb
Okawaru
Qazlal
Ru
Sif Muna
Trog
Vehumet
Xom
Yredelemnul
The Shining One

Shops:
D:6 (   D:8 !![=*   D:13 [   D:15 !::(?   Orc:1 !   Orc:2 (([?(

Annotations:
D:5 1 runed translucent door, bananaglory's ghost, novice TeFE
D:6 1 exclusion


Innate Abilities, Weirdness & Mutations

You have very sharp teeth.
Your uncanny sense of smell can sniff out nearby items.
Your experience applies equally to all skills.


Message History

The wall freezes the jorogumo but does no damage.
The jorogumo hits you but does no damage.
The orb spider is engulfed in a cloud of scalding steam.
The orb spider festers in the toxic bog!
The orb spider looks as sick as possible!
The orb spider weaves a glowing orb of energy.
The radroach festers in the toxic bog!
The radroach looks as sick as possible!
The ghost moth stares at you.
You feel your power leaking away.
The wall freezes the jorogumo!
The jorogumo closely misses you.
An orb of destruction comes into view.
Casting: Eringya's Noxious Bog (dangerous; 11% risk of failure)
Confirm with . or Enter, or press ? or * to list all spells.
You don't have enough magic to cast this spell.
Casting: Eringya's Noxious Bog (dangerous; 11% risk of failure)
Confirm with . or Enter, or press ? or * to list all spells.
You don't have enough magic to cast this spell.
Okay, then.
Blink to where?
Press: ? - help, Dir - move target You can't see that place. [the floor.]
Okay, then.
As you read the scroll of teleportation, it crumbles to dust.
You feel strangely unstable.
The redback is engulfed in freezing vapours.
The wall freezes the jorogumo!
The jorogumo hits you!
The ghost moth is engulfed in a cloud of scalding steam.
The orb spider festers in the toxic bog!
The orb spider looks as sick as possible!
You kill the orb spider!
Vehumet accepts your kill.
You feel your power returning.
The redback is engulfed in freezing vapours. x2
The radroach festers in the toxic bog!
The radroach looks as sick as possible!
The ghost moth is engulfed in a cloud of scalding steam.
The ghost moth stares at you.
You feel your power leaking away. The orb of destruction hits you!!!
You die...

##..#### ##### #...^..#
##...###......#..
#....#.#†........
##......~~~~..#...
######...^.#~~~~~#....#
#...##........~~.^.>~.#
....##.#..$.##.~~#.~~..
.............#.~@H§y).#
.....#.........§☼#°§§#.
^..†..#.#^..~.#☼B..§.§.
....^#........§○y~..s○.
...†.#........~†w†.##§.
.......##.....!.#... #.
#.....[.##...... ..^#
.............
.............


You could see a jorogumo, a radroach (extremely poisoned), a ghost moth
(invisible), a torpor snail, a redback and a meliai.

Vanquished Creatures
  Rupert (Lair:5)
  A sphinx (D:13)
  The ghost of MadAsgardian the Grappler, a journeyman TrMo of Makhleb (D:15)
  A fire giant (D:15)
  2 emperor scorpions (Spider:2)
  An orc warlord (Orc:2)
  Nessos (D:12)
  A spark wasp (Spider:3)
  A minotaur (Gauntlet)
  A fire dragon (D:15)
  2 entropy weavers
  2 entropy weavers (shapeshifter)
  Erolcha (D:13)
  Harold (Orc:1)
  5 hydras
  4 ogre magi (Orc:2)
  4 catoblepae
  The ghost of Megalobster the Severer, a journeyman MiBe of Trog (D:12)
  3 centaur warriors
  16 two-headed ogres
  5 boulder beetles
  Erica (D:10)
  A radroach (Spider:2)
  A death knight (D:15)
  6 tengu warriors
  5 demonic crawlers
  A thrashing horror (Gauntlet)
  An occultist (D:14)
  Nergalle (Lair:1)
  A skyshark (Lair:5)
  A skeletal warrior (D:13)
  A sixfirhy (Gauntlet)
  2 pharaoh ants (Spider:2)
  An arcanist (D:15)
  7 orb spiders
  6 lindwurms
  2 orc knights
  A deep elf pyromancer (D:15)
  A sun moth (Spider:2)
  14 ugly things
  3 orc sorcerers
  6 wolf spiders
  15 elephants
  A manticore (D:13)
  10 cyclopes
  2 meliai (Spider:3)
  3 kobold blastminers
  9 black mambas
  8 cane toads
  An unseen horror (D:12)
  3 kobold demonologists
  Jeremiah (Lair:1)
  3 rime drakes
  Maggie (D:6)
  10 komodo dragons
  A yaktaur (shapeshifter) (D:13)
  2 tengu conjurers
  An efreet (D:12)
  6 trolls
  A troll (shapeshifter) (D:13)
  9 tarantellas
  4 polar bears
  A queen bee (shapeshifter) (D:15)
  5 hornets (Lair:5)
  A wolf spider simulacrum (D:15)
  11 dream sheep (Lair:5)
  17 blink frogs
  11 jumping spiders
  11 slime creatures
  10 culicivoras
  11 spriggans (Lair:5)
  A yak (shapeshifter) (D:15)
  A shadow (D:10)
  7 wyverns
  5 basilisks
  2 water elementals (D:13)
  A wraith (D:13)
  31 yaks
  7 wargs
  2 golden eyes (shapeshifter) (D:13)
  A steam dragon (Lair:2)
  6 vampire mosquitoes
  25 redbacks
  A harpy simulacrum (D:14)
  2 small abominations (Gauntlet)
  13 water moccasins
  2 acid dragons
  19 orc warriors
  An ice beast (D:8)
  28 ogres
  2 sky beasts
  2 laughing skulls (D:14)
  7 boggarts
  7 black bears
  30 wolves
  15 centaurs
  A kobold brigand (D:7)
  7 bullfrogs
  A gnoll sergeant (D:6)
  A scorpion (D:6)
  7 wights
  47 killer bees
  13 electric eels
  5 howler monkeys
  A quasit (D:8)
  5 hounds
  3 bombardier beetles
  A sleepcap (D:7)
  13 jellies
  6 orc priests
  Crazy Yiuf (D:5)
  An iguana (D:7)
  Natasha (thrice) (D:2)
  5 hell rats (Lair:3)
  16 orc wizards
  10 gnolls
  9 adders
  5 shadow imps (D:8)
  2 white imps
  9 ufetubi
  2 ribbon worms
  51 orcs
  14 endoplasms
  A giant cockroach (D:1)
  13 goblins
  12 hobgoblins
  5 jackals
  10 kobolds
  12 ball pythons
  4 bats
  6 frilled lizards
  13 rats
820 creatures vanquished.

Vanquished Creatures (collateral kills)
  A hydra (D:13)
  A boulder beetle (D:14)
  A centaur warrior (D:13)
  An orc knight (Bailey)
  3 jellies (Lair:5)
  An orc priest (Orc:1)
  3 orcs
11 creatures vanquished.

Vanquished Creatures (others)
  A deep elf pyromancer (D:13)
  A centaur (D:15)
2 creatures vanquished.

Grand Total: 833 creatures vanquished

Notes
Turn   | Place    | Note
-------+----------+-------------------------------------------
     0 | D:1      | Aviak the Gnoll Ice Elementalist began the quest for the
                  | Orb.
     0 | D:1      | Reached XP level 1. HP: 13/13 MP: 6/6
    70 | D:1      | Reached XP level 2. HP: 15/19 MP: 0/7
   500 | D:1      | Reached skill level 5 in Spellcasting
   500 | D:1      | Reached XP level 3. HP: 25/25 MP: 5/9
   546 | D:1      | Found a faded altar of an unknown god.
   850 | D:2      | Reached skill level 1 in Invocations
   861 | D:1      | Learned a level 3 spell: Frozen Ramparts
   865 | D:1      | Learned a level 3 spell: Ozocubu's Armour
   878 | D:2      | Noticed Natasha
   883 | D:2      | Killed Natasha
   884 | D:2      | Reached skill level 1 in Fighting
   884 | D:2      | Reached skill level 1 in Short Blades
   884 | D:2      | Reached skill level 1 in Long Blades
   884 | D:2      | Reached skill level 1 in Axes
   884 | D:2      | Reached skill level 1 in Maces & Flails
   884 | D:2      | Reached skill level 1 in Polearms
   884 | D:2      | Reached skill level 1 in Staves
   884 | D:2      | Reached skill level 1 in Ranged Weapons
   884 | D:2      | Reached skill level 1 in Throwing
   884 | D:2      | Reached skill level 1 in Armour
   884 | D:2      | Reached skill level 1 in Shields
   884 | D:2      | Reached skill level 1 in Unarmed Combat
   884 | D:2      | Reached skill level 1 in Evocations
   884 | D:2      | Reached skill level 1 in Shapeshifting
   884 | D:2      | Reached XP level 4. HP: 23/32 MP: 3/11
   944 | D:2      | Noticed Natasha
  1135 | D:2      | Reached skill level 1 in Conjurations
  1135 | D:2      | Reached skill level 1 in Hexes
  1135 | D:2      | Reached skill level 1 in Summonings
  1135 | D:2      | Reached skill level 1 in Necromancy
  1135 | D:2      | Reached skill level 1 in Translocations
  1135 | D:2      | Reached skill level 1 in Fire Magic
  1135 | D:2      | Reached skill level 1 in Air Magic
  1135 | D:2      | Reached skill level 1 in Earth Magic
  1135 | D:2      | Reached skill level 1 in Alchemy
  1306 | D:2      | Killed Natasha
  1307 | D:2      | Reached XP level 5. HP: 37/37 MP: 7/12
  1370 | D:2      | Noticed Natasha
  1375 | D:2      | Killed Natasha
  1758 | D:3      | Identified the scarf of Lust {shadows, rF+ Dex+3 Stlth+}
  2037 | D:3      | Found an ancient bone altar of Kikubaaqudgha.
  2101 | D:3      | Found a shimmering blue altar of Sif Muna.
  2380 | D:4      | Reached XP level 6. HP: 40/44 MP: 10/13
  2509 | D:4      | Reached skill level 5 in Dodging
  2549 | D:4      | Found a radiant altar of Vehumet.
  2728 | D:4      | Became a worshipper of Vehumet
  3116 | D:5      | Entered Level 5 of the Dungeon
  3176 | D:5      | Noticed a water moccasin
  3185 | D:5      | Killed a water moccasin
  3186 | D:5      | Reached XP level 7. HP: 43/51 MP: 7/15
  3355 | D:5      | Found a runed translucent door.
  3393 | D:5      | Reached skill level 5 in Stealth
  3499 | D:5      | Found a runed translucent door.
  3500 | D:5      | Noticed Crazy Yiuf
  3508 | D:5      | Killed Crazy Yiuf
  3738 | D:5      | Found a staircase to the Ecumenical Temple.
  4094 | D:5      | Noticed bananaglory's ghost (novice TeFE)
  4170 | D:6      | Found Ubepsuargh's Weapon Shoppe.
  4212 | D:6      | Bought a +4 falchion of holy wrath for 274 gold pieces
  4385 | D:6      | Reached XP level 8. HP: 47/58 MP: 9/16
  4694 | D:6      | Noticed Maggie
  4709 | D:6      | Killed Maggie
  4758 | D:6      | Found a shadowy altar of Dithmenos.
  4779 | D:6      | Noticed a moth of wrath
  4782 | D:6      | Found a bloodstained altar of Trog.
  5240 | D:7      | Reached * piety under Vehumet
  5240 | D:7      | Offered knowledge of Sandblast by Vehumet.
  5324 | D:7      | Reached XP level 9. HP: 62/65 MP: 18/18
  5328 | D:7      | Found a basalt altar of Yredelemnul.
  5404 | D:7      | Found a stormy altar of Qazlal.
  5725 | D:7      | Learned a level 3 spell: Summon Ice Beast
  5981 | D:7      | Found a sacrificial altar of Ru.
  6340 | D:7      | Reached skill level 5 in Invocations
  6410 | D:8      | Found Sokul's Jewellery Shoppe.
  6441 | D:8      | Found Winkem's Armour Emporium.
  6456 | D:8      | Found Dibe's General Store.
  6480 | D:8      | Found a flagged portal.
  6495 | Bailey   | Entered a bailey
  6535 | Bailey   | Offered knowledge of Sting by Vehumet.
  6580 | Bailey   | Reached ** piety under Vehumet
  6701 | Bailey   | Noticed an orc knight
  6717 | Bailey   | HP: 2/67 [orc knight/+0 war axe (20)]
  6790 | Bailey   | Killed an orc knight
  6791 | Bailey   | Reached skill level 5 in Fighting
  6791 | Bailey   | Reached skill level 5 in Short Blades
  6791 | Bailey   | Reached skill level 5 in Long Blades
  6791 | Bailey   | Reached skill level 5 in Axes
  6791 | Bailey   | Reached skill level 5 in Maces & Flails
  6791 | Bailey   | Reached skill level 5 in Polearms
  6791 | Bailey   | Reached skill level 5 in Staves
  6791 | Bailey   | Reached skill level 5 in Ranged Weapons
  6791 | Bailey   | Reached skill level 5 in Throwing
  6791 | Bailey   | Reached skill level 5 in Armour
  6791 | Bailey   | Reached skill level 5 in Shields
  6791 | Bailey   | Reached skill level 5 in Unarmed Combat
  6791 | Bailey   | Reached skill level 5 in Evocations
  6791 | Bailey   | Reached XP level 10. HP: 38/74 MP: 9/20
  6929 | Bailey   | Offered knowledge of Stone Arrow by Vehumet.
  6936 | Bailey   | Learned a level 5 spell: Irradiate
  7169 | Bailey   | Found an iron altar of Okawaru.
  7169 | Bailey   | Noticed a kobold demonologist
  7169 | Bailey   | Noticed a kobold demonologist
  7171 | Bailey   | Noticed a sun demon
  7181 | Bailey   | Killed a kobold demonologist
  7190 | Bailey   | Killed a kobold demonologist
  7191 | Bailey   | Reached skill level 5 in Shapeshifting
  7207 | Bailey   | Identified the +6 scale mail of Moxesky {Str+5 Int-2}
  7389 | D:8      | Bought a potion of heal wounds for 75 gold pieces
  7431 | D:8      | Reached *** piety under Vehumet
  7691 | D:8      | Offered knowledge of Mephitic Cloud by Vehumet.
  7713 | D:8      | Learned a level 3 spell: Mephitic Cloud
  7930 | D:8      | Found Urrut's Distillery.
  7933 | D:8      | Bought 2 potions of heal wounds for 120 gold pieces
  7933 | D:8      | Bought 2 potions of curing for 72 gold pieces
  7933 | D:8      | Bought a potion of heal wounds for 60 gold pieces
  7947 | D:8      | Found Siwam's Distillery.
  8503 | D:9      | Identified the +3 scimitar of Precise Incision {venom,
                  | ^Contam Fly Str+5 Dex-4}
  8605 | D:9      | Reached **** piety under Vehumet
  8606 | D:9      | Reached skill level 5 in Conjurations
  8606 | D:9      | Reached skill level 5 in Hexes
  8606 | D:9      | Reached skill level 5 in Summonings
  8606 | D:9      | Reached skill level 5 in Necromancy
  8606 | D:9      | Reached skill level 5 in Translocations
  8606 | D:9      | Reached skill level 5 in Fire Magic
  8606 | D:9      | Reached skill level 5 in Air Magic
  8606 | D:9      | Reached skill level 5 in Earth Magic
  8606 | D:9      | Reached skill level 5 in Alchemy
  8608 | D:9      | Reached XP level 11. HP: 75/81 MP: 19/22
  8688 | D:9      | Found a staircase to the Lair.
  9211 | Lair:1   | Entered Level 1 of the Lair of Beasts
  9270 | Lair:1   | Noticed Jeremiah
  9300 | Lair:1   | Killed Jeremiah
  9644 | Lair:1   | Noticed Nergalle
  9653 | Lair:1   | Killed Nergalle
  9700 | Lair:1   | Offered knowledge of Brom's Barrelling Boulder by Vehumet.
 10732 | Lair:5   | Entered Level 5 of the Lair of Beasts
 10754 | Lair:5   | Reached XP level 12. HP: 69/91 MP: 16/24
 11207 | Lair:5   | Reached ***** piety under Vehumet
 11233 | Lair:5   | Offered knowledge of Ignite Poison by Vehumet.
 11259 | Lair:5   | Learned a level 4 spell: Sticky Flame
 11264 | Lair:5   | Noticed a seven-headed hydra
 11274 | Lair:5   | Killed an eight-headed hydra
 11315 | Lair:5   | Found a staircase to the Slime Pits.
 11351 | Lair:5   | Reached XP level 13. HP: 94/98 MP: 20/26
 11589 | Lair:5   | Noticed Rupert
 11618 | Lair:5   | Killed Rupert
 11619 | Lair:5   | Reached skill level 10 in Ice Magic
 11833 | Lair:5   | Paralysed by a hornet for 2 turns
 12043 | Lair:5   | Identified the +4 scale mail of Huboxudu {rN++ Int-2 Dex+3
                  | Stlth+}
 12055 | Lair:5   | Reached skill level 10 in Spellcasting
 12107 | Lair:5   | Identified the +8 halberd "Patwixti" {pain, rN+ Stlth+}
 12248 | Lair:5   | Got an earthy gem with 719 turns to spare
 12827 | Lair:5   | Reached skill level 10 in Dodging
 12970 | Lair:5   | Lost the earthy gem through the power of Zot.
 13091 | Lair:4   | Found a glowing golden altar of the Shining One.
 13280 | Lair:4   | Reached skill level 10 in Stealth
 13636 | Lair:4   | Reached XP level 14. HP: 108/108 MP: 28/28
 13641 | Lair:4   | Reached skill level 10 in Invocations
 14540 | Lair:3   | Got the Meditations on Blistering Nonlocality
 14768 | Lair:3   | Found a staircase to the Shoals.
 15354 | Lair:2   | Learned a level 6 spell: Plasma Beam
 15401 | Lair:2   | Found a shimmering altar of Xom.
 15646 | Lair:2   | Found a hole to the Spider Nest.
 15655 | Lair:2   | Offered knowledge of Conjure Ball Lightning by Vehumet.
 16318 | D:10     | Entered Level 10 of the Dungeon
 16341 | D:10     | Found a white marble altar of Elyvilon.
 16603 | D:10     | Noticed Erica
 16612 | D:10     | Killed Erica
 16725 | D:10     | Acquired the staff of Stickiness {rF+ rN+ Str-5 Int+3 Fire
                  | Ice}
 16785 | D:10     | Found a burning altar of Makhleb.
 16795 | D:10     | Found an iron altar of Okawaru.
 17578 | D:11     | Found a staircase to the Orcish Mines.
 18023 | Orc:1    | Entered Level 1 of the Orcish Mines
 18238 | Orc:2    | Entered Level 2 of the Orcish Mines
 18319 | Orc:2    | Found Idaeluxa's Antique Weapon Boutique.
 18319 | Orc:2    | Found Biateamm's Armour Emporium.
 18339 | Orc:2    | Paralysed by an ogre mage for 4 turns
 18370 | Orc:2    | Reached skill level 10 in Fighting
 18370 | Orc:2    | Reached skill level 10 in Short Blades
 18370 | Orc:2    | Reached skill level 10 in Long Blades
 18370 | Orc:2    | Reached skill level 10 in Axes
 18370 | Orc:2    | Reached skill level 10 in Maces & Flails
 18370 | Orc:2    | Reached skill level 10 in Polearms
 18370 | Orc:2    | Reached skill level 10 in Staves
 18370 | Orc:2    | Reached skill level 10 in Ranged Weapons
 18370 | Orc:2    | Reached skill level 10 in Throwing
 18370 | Orc:2    | Reached skill level 10 in Armour
 18370 | Orc:2    | Reached skill level 10 in Shields
 18370 | Orc:2    | Reached skill level 10 in Unarmed Combat
 18370 | Orc:2    | Reached skill level 10 in Evocations
 18415 | Orc:2    | Reached XP level 15. HP: 102/115 MP: 27/30
 18434 | Orc:2    | Found Eduheics's Magic Scroll Emporium.
 18434 | Orc:2    | Found Geuxumei's Weapon Shop.
 18509 | Orc:2    | Reached ****** piety under Vehumet
 18552 | Orc:2    | Found a staircase to the Elven Halls.
 18592 | Orc:2    | Offered knowledge of Freezing Cloud by Vehumet.
 18599 | Orc:2    | Learned a level 5 spell: Freezing Cloud
 18716 | Orc:2    | Noticed an orc warlord
 18731 | Orc:2    | Killed an orc warlord
 19103 | Orc:2    | Found Ezuhophy's Weapon Shoppe.
 19667 | Orc:1    | Noticed Harold
 19672 | Orc:1    | Killed Harold
 19878 | Orc:1    | Found Cedaug's Distillery.
 19887 | Orc:1    | Bought a potion of haste for 120 gold pieces
 19887 | Orc:1    | Bought a potion of haste for 120 gold pieces
 19887 | Orc:1    | Bought a potion of haste for 120 gold pieces
 20136 | D:8      | Bought the ring of Freedom {^Contam rPois rN++ Int+4} for
                  | 443 gold pieces
 20160 | D:8      | Bought a box of beasts for 600 gold pieces
 20527 | D:12     | Found a runed translucent door.
 20529 | D:12     | Noticed Megalobster's ghost (journeyman MiBe)
 20556 | D:12     | Noticed Nessos
 20566 | D:12     | Killed Nessos
 20778 | D:12     | Killed Megalobster's ghost
 21019 | D:12     | Offered knowledge of Eringya's Noxious Bog by Vehumet.
 21034 | D:12     | Learned a level 6 spell: Eringya's Noxious Bog
 21225 | D:12     | Identified the +0 rapier of Diobifeitz {freeze, rF- Will+
                  | rCorr}
 21746 | D:13     | Noticed Erolcha
 21752 | D:13     | Killed Erolcha
 21923 | D:13     | Noticed a sphinx
 21929 | D:13     | Killed a sphinx
 22462 | D:13     | Found Tem Deu's Armour Boutique.
 22887 | D:13     | Reached skill level 10 in Shapeshifting
 23053 | D:14     | Reached XP level 16. HP: 97/124 MP: 11/32
 23248 | D:14     | Found a gate to the Vaults.
 23353 | D:14     | Found a gate leading to a gauntlet.
 23357 | Gauntlet | Entered a Gauntlet
 23357 | Gauntlet | Found a transporter.
 23394 | Gauntlet | Found a transporter.
 23410 | Gauntlet | Found a transporter.
 23414 | Gauntlet | Found a transporter.
 23444 | Gauntlet | Found a transporter.
 23456 | Gauntlet | Found a transporter.
 23460 | Gauntlet | Found a transporter.
 23462 | Gauntlet | Found a transporter.
 23463 | Gauntlet | Found a transporter.
 23465 | Gauntlet | Found a transporter.
 23471 | Gauntlet | Found a transporter.
 23474 | Gauntlet | Found a transporter.
 23627 | Gauntlet | Identified the +1 helmet of Trial and Error {rCorr}
 23640 | Gauntlet | Identified the ring "Osexag" {rF+ rC+ rN+ Will+ Dex+2}
 23671 | Gauntlet | Got Sif Muna's Precepts of the Inflammable Fair Folk
 23680 | D:14     | Learned a level 5 spell: Fireball
 24571 | D:15     | Entered Level 15 of the Dungeon
 24593 | D:15     | Offered knowledge of Iskenderun's Battlesphere by Vehumet.
 24713 | D:15     | Found a staircase to the Depths.
 25055 | D:15     | Found Heosh's Distillery.
 25294 | D:15     | Found Wihux's Book Emporium.
 25296 | D:15     | Bought a potion of invisibility for 128 gold pieces
 25296 | D:15     | Bought a potion of heal wounds for 80 gold pieces
 25411 | D:15     | Found Rasmikki's Magic Scroll Shoppe.
 25686 | D:15     | Found a runed translucent gate.
 25686 | D:15     | Found a runed translucent gate.
 25686 | D:15     | Found a runed translucent gate.
 25694 | D:15     | Noticed MadAsgardian's ghost (journeyman TrMo)
 25756 | D:15     | Found Fuiluloesch's Book Boutique.
 25771 | D:15     | Killed MadAsgardian's ghost
 25806 | D:15     | Identified the +1 cloak "Dusem" {Dex+3}
 26156 | D:15     | Found Cetzenoe's Antique Weapon Boutique.
 26333 | Spider:1 | Entered Level 1 of the Spider Nest
 26427 | Spider:1 | Offered knowledge of Ozocubu's Refrigeration by Vehumet.
 26832 | Spider:2 | Reached XP level 17. HP: 78/133 MP: 12/33
 26941 | Spider:2 | Reached skill level 10 in Conjurations
 26941 | Spider:2 | Reached skill level 10 in Hexes
 26941 | Spider:2 | Reached skill level 10 in Summonings
 26941 | Spider:2 | Reached skill level 10 in Necromancy
 26941 | Spider:2 | Reached skill level 10 in Translocations
 26941 | Spider:2 | Reached skill level 10 in Fire Magic
 26941 | Spider:2 | Reached skill level 10 in Air Magic
 26941 | Spider:2 | Reached skill level 10 in Earth Magic
 26941 | Spider:2 | Reached skill level 10 in Alchemy
 27183 | Spider:3 | Blown up by an orb spider

Illustrated notes

Levels and vault maps discovered:
D:1:      dpeg_arrival_long_road, layout_basic, ebering_ecumenical_altar_webs
D:2:      layout_rooms, nicolae_figureground_sparkle, uniq_natasha
D:3:      layout_basic, nicolae_overflow_crystal_walls,
          kiku_gazebo_garden_becter
D:4:      wander_river, layout_basic, mainiacjoe_overflow_concentric_impassable
D:5:      layout_basic, temple_green, ebering_ghost_reflecting_pool,
          uniq_crazy_yiuf_cottage
D:6:      minmay_inner_zag, layout_basic, tgw_trog,
          mainiacjoe_overflow_six_doors_small, serial_shops, shop, uniq_maggie
D:7:      layout_loops_ring, mainiacjoe_overflow_surrounded_room,
          reono_crystal_passage, hangedman_feature_mirror,
          kennysheep_generic_room_14
D:8:      layout_loops_ring, serial_shops, nicolae_shop_behind_doors,
          nicolae_shop_stone, kennysheep_mini_moat,
          nicolae_shop_just_a_little_nook, nicolae_shop_waterfront,
          enter_bailey_4, serial_demonic, serial_demonic_c, serial_demonic_f,
          serial_demonic_g, serial_demonic_c, serial_demonic_e,
          serial_demonic_d, serial_demonic_f
D:9:      layout_stronghold, lair_entry_dummy
D:10:     layout_irregular_city, mainiacjoe_overflow_24_doors,
          jmf_multi_god_temple2, uniq_erica
D:11:     layout_basic, orc_0_dummy, glass_columns_a
D:12:     layout_loops_cross, ebering_ghost_inner_flame,
          minmay_misc_feat_square, dk_noncrumbling_3, minmay_lindwurm_lava,
          uniq_nessos
D:13:     kennysheep_four_of_diamonds, layout_irregular_city, serial_shops,
          shop, grunt_ministairs_3, uniq_erolcha
D:14:     layout_loops_ring, hellmonk_vaults_attempted_burglary,
          gauntlet_entry_generic, grunt_ministairs_9
D:15:     grunt_enter_depths_giant_problem, layout_basic,
          gammafunk_ghost_tricky_traps, serial_shops, shop,
          nicolae_shop_just_a_little_nook, shop, nicolae_book_shop_shelving,
          shop, minmay_misc_feat_secret_circle
Lair:1:   layout_chaotic_city, infiniplex_staircase_pool_2, grunt_megastairs_4,
          uniq_nergalle, uniq_jeremiah
Lair:2:   layout_gridlike, spider_nest_entry_a, basic_altar, lemuel_fruit_tree
Lair:3:   layout_gridlike, elwin_shoals_entry_rocks
Lair:4:   wad_woods_minihive, layout_big_grid, basic_altar
Lair:5:   minmay_lair_end_enchanted_forest, layout_misc_corridors,
          minmay_slime_entry_jelly_boxes, serial_bayou_ford_a, uniq_rupert
Spider:1: layout_spider_delve
Spider:2: nicolae_spider_hilbert_zone_1 [nicolae_spider_hilbert_4_sides_1_open,
          nicolae_spider_hilbert_4_sides_1_open,
          nicolae_spider_hilbert_4_sides_1_open,
          nicolae_spider_hilbert_4_sides_1_open,
          nicolae_spider_hilbert_3_sides_1_open,
          nicolae_spider_hilbert_3_sides_1_open,
          nicolae_spider_hilbert_3_sides_1_open,
          nicolae_spider_hilbert_3_sides_1_open,
          nicolae_spider_hilbert_3_sides_1_open,
          nicolae_spider_hilbert_6_sides_1_open,
          nicolae_spider_hilbert_6_sides_1_open,
          nicolae_spider_hilbert_3_sides_1_open,
          nicolae_spider_hilbert_3_sides_1_open,
          nicolae_spider_hilbert_3_sides_1_open,
          nicolae_spider_hilbert_3_sides_1_open,
          nicolae_spider_hilbert_2_sides_1_open], drop_trap
Spider:3: cheibrodos_spider_deadly_dance, hangedman_spider_tarantella_strand
Orc:1:    layout_caves, basic_altar, serial_shops, shop,
          nicolae_orc_found_a_spring, uniq_harold
Orc:2:    st_orc_ogre_mass, layout_caves, serial_shops, nicolae_shop_tiny_glass,
          basic_altar, nicolae_orc_damp_corner

Skill      XL: |  1  2  3  4  5  6  7  8  9 10 11 12 13 14 15 16 17 |
---------------+----------------------------------------------------+-----
Spellcasting   | 5 6 7 8 9 10 11 12 | 12.8
Invocations    | 1 2 3 4 5 6 7 8 9 10 11 12 | 12.9
Fighting       | 1 2 3 5 6 7 8 9 10 11 | 11.9
Short Blades   | 1 2 3 5 6 7 8 9 10 11 | 11.9
Long Blades    | 1 2 3 5 6 7 8 9 10 11 | 11.9
Axes           | 1 2 3 5 6 7 8 9 10 11 | 11.9
Maces & Flails | 1 2 3 5 6 7 8 9 10 11 | 11.9
Polearms       | 1 2 3 5 6 7 8 9 10 11 | 11.9
Staves         | 1 2 3 5 6 7 8 9 10 11 | 11.9
Ranged Weapons | 1 2 3 5 6 7 8 9 10 11 | 11.9
Throwing       | 1 2 3 5 6 7 8 9 10 11 | 11.9
Armour         | 1 2 3 5 6 7 8 9 10 11 | 11.9
Shields        | 1 2 3 5 6 7 8 9 10 11 | 11.9
Unarmed Combat | 1 2 3 5 6 7 8 9 10 11 | 11.9
Evocations     | 1 2 3 5 6 7 8 9 10 11 | 11.9
Shapeshifting  | 1 2 3 4 5 6 7 8 9 10 | 10.9
Conjurations   | 1 2 3 4 5 6 7 8 9 10 | 10.0
Hexes          | 1 2 3 4 5 6 7 8 9 10 | 10.0
Summonings     | 1 2 3 4 5 6 7 8 9 10 | 10.0
Necromancy     | 1 2 3 4 5 6 7 8 9 10 | 10.0
Translocations | 1 2 3 4 5 6 7 8 9 10 | 10.0
Fire Magic     | 1 2 3 4 5 6 7 8 9 10 | 10.0
Air Magic      | 1 2 3 4 5 6 7 8 9 10 | 10.0
Earth Magic    | 1 2 3 4 5 6 7 8 9 10 | 10.0
Alchemy        | 1 2 3 4 5 6 7 8 9 10 | 10.0
Dodging        | 5 6 7 8 9 10 11 12 | 12.7
Stealth        | 5 6 7 8 9 10 11 12 | 12.6
Ice Magic      | 8 9 10 11 12 | 12.2

Action                     |  1- 3 |  4- 6 |  7- 9 | 10-12 | 13-15 | 16-18 || total
---------------------------+-------+-------+-------+-------+-------+-------++-------
  Melee: Unarmed           |    25 |       |       |       |       |       ||    25
         Bite              |     3 |     1 |    22 |    47 |   130 |    56 ||   259
         Dagger            |     4 |     2 |       |       |       |       ||     6
         Hand axe          |       |     6 |       |       |       |       ||     6
         Flail             |       |    16 |     7 |       |       |       ||    23
         Falchion          |       |       |   133 |   351 |   849 |   302 ||  1635
         Punch             |       |       |    10 |    19 |     1 |       ||    30
   Cast: Freeze            |    36 |    56 |    38 |       |     3 |       ||   133
         Frozen Ramparts   |     1 |     6 |    19 |    59 |    93 |    26 ||   204
         Ozocubu's Armour  |       |       |    15 |    23 |    57 |    19 ||   114
         Summon Ice Beast  |       |       |     6 |     7 |     4 |       ||    17
         Irradiate         |       |       |       |     3 |    14 |    14 ||    31
         Sticky Flame      |       |       |       |     3 |    94 |    35 ||   132
         Mephitic Cloud    |       |       |       |     1 |     1 |       ||     2
         Plasma Beam       |       |       |       |       |    27 |    26 ||    53
         Freezing Cloud    |       |       |       |       |     2 |     9 ||    11
         Eringya's Noxious |       |       |       |       |     1 |     9 ||    10
         Fireball          |       |       |       |       |       |    15 ||    15
  Evoke: Wand              |       |       |     2 |     4 |    18 |     6 ||    30
         Lightning rod     |       |       |       |       |     6 |     1 ||     7
         Box of beasts     |       |       |       |       |     1 |     1 ||     2
    Use: Scroll            |       |       |    13 |     3 |    17 |     4 ||    37
         Potion            |       |       |     1 |     3 |     5 |     4 ||    13
   Stab: Sleeping          |       |     3 |     9 |     9 |    14 |     2 ||    37
         Distracted        |       |       |     1 |     2 |     2 |     1 ||     6
 Armour: Robe              |    20 |    21 |    25 |       |       |       ||    66
         Steam dragon scal |       |       |    67 |    11 |       |       ||    78
         Scale mail        |       |       |       |   205 |   537 |   290 ||  1032
  Dodge: Dodged            |    45 |    49 |   121 |   238 |   544 |   241 ||  1238
  Block: Other             |       |     7 |    35 |    78 |     1 |       ||   121
         Buckler           |       |       |       |       |   632 |   270 ||   902
         Reflection        |       |       |       |       |     8 |    12 ||    20
